 Dungeon Crawl Stone Soup version 0.17-a0-1504-gb7d9117 (webtiles) character file.

143622 Fizybubbleh the Covert (level 18, -10/138 (141) HPs)
             Began as a Human Enchanter on July 7, 2015.
             Was the Champion of Ashenzari.
             Killed from afar by Nikola (21 damage)
             ... with a chain lightning
             ... on level 1 of the Spider Nest on July 8, 2015.
             The game lasted 04:35:17 (52269 turns).

Fizybubbleh the Covert (Human Enchanter)           Turns: 52269, Time: 04:35:19

HP:   -10/138 (141) AC: 15    Str: 12    XL:     18   Next: 0%
MP:   21/35         EV: 35    Int: 21    God:    Ashenzari [******]
Gold: 1737          SH:  0    Dex: 25    Spells: 12 memorised, 1 level left

rFire  + . .     SeeInvis +     j - +2 quick blade (distort) (curse)
rCold  . . .     Clarity  +     G - +5 steam dragon armour (curse)
rNeg   . . .     SustAt   .     (no shield)
rPois  +         Gourm    .     g - +0 helmet (curse)
rElec  .         Spirit   .     q - +0 cloak (curse)
rCorr  .         Warding  .     f - +0 pair of gloves "Omiff" {rPois Int+3} (curse)
rMut   .         Stasis   .     a - +1 pair of boots {Stlth+} (curse)
MR     +....                    r - amulet of faith (curse)
Stlth  +++++++++.               l - +4 ring of strength (curse)
                                x - ring of protection from fire (curse)

@: agile, very slightly contaminated, regenerating, hasted, very quick, somewhat
resistant to hostile enchantments, incredibly stealthy
A: clarity
a: Scrying, Transfer Knowledge, Renounce Religion


You were on level 1 of the Spider Nest.
You worshipped Ashenzari.
Ashenzari was exalted by your worship.
You were not hungry.

You visited 5 branches of the dungeon, and saw 32 of its levels.
You also visited: Volcano.

You collected 3807 gold pieces.
You spent 2070 gold pieces at shops.

Inventory:

Hand weapons
 j - a cursed +2 quick blade of distortion (weapon)
Armour
 a - a cursed +1 pair of boots of stealth (worn)
 f - the cursed +0 pair of gloves "Omiff" (worn) {rPois Int+3}
   (You found it on level 5 of the Dungeon)

   It affects your intelligence (+3).
   It protects you from poison.
   It has a curse placed upon it.
 g - a cursed +0 helmet (worn)
 q - a cursed +0 cloak (worn)
 y - the cursed +0 ring mail "Bowu" {+Fly rF+++ Str-5 Dex+2}
   (You found it on level 6 of the Dungeon)

   It affects your strength (-5).
   It affects your dexterity (+2).
   It renders you almost immune to fire.
   It lets you fly.
   It has a curse placed upon it.
 G - a cursed +5 steam dragon armour (worn)
Jewellery
 l - a cursed +4 ring of strength (right hand)
 r - a cursed amulet of faith (around neck)
 t - an uncursed ring of protection from magic
 x - a cursed ring of protection from fire (left hand)
 N - a cursed ring of teleportation
Magical devices
 c - a wand of random effects (34)
 k - a wand of hasting (2)
 A - a wand of disintegration (7)
 H - a wand of paralysis (17)
 M - a wand of confusion (21)
 O - a wand of disintegration (4)
Scrolls
 e - a scroll of enchant armour
 p - a scroll of vulnerability
 u - 3 scrolls of magic mapping
 v - 3 scrolls of recharging
 w - 3 scrolls of curse armour
 C - 7 scrolls of remove curse
 F - 5 scrolls of immolation
 R - 2 scrolls of teleportation
 W - 4 scrolls of identify
 Y - 4 scrolls of curse weapon
Potions
 d - 13 potions of curing
 i - a potion of cancellation
 m - 5 potions of magic
 z - 4 potions of lignification
 B - 2 potions of resistance
 E - 4 potions of might
 I - 3 potions of haste
 J - 2 potions of cure mutation
 P - a potion of brilliance
 T - a potion of heal wounds
 U - 3 potions of flight
 Z - a potion of agility
Books
 b - a book of Battle

   Spells                             Type                      Level
   a - Infusion                       Charms                       1
   b - Shroud of Golubria             Charms/Translocation         2
   c - Song of Slaying                Charms                       2
   d - Spectral Weapon                Hexes/Charms                 3
   e - Regeneration                   Charms/Necromancy            3
 o - a book of Enchantments

   Spells                             Type                      Level
   a - Cause Fear                     Hexes                        4
   b - Silence                        Hexes/Air                    5
   c - Deflect Missiles               Charms/Air                   6
   d - Haste                          Charms                       6
   e - Discord                        Hexes                        8
 K - a book of the Sky

   Spells                             Type                      Level
   a - Summon Lightning Spire         Summoning/Air                4
   b - Airstrike                      Air                          4
   c - Silence                        Hexes/Air                    5
   d - Deflect Missiles               Charms/Air                   6
   e - Conjure Ball Lightning         Conjuration/Air              6
   f - Tornado                        Air                          9
 L - a book of the Warp

   Spells                             Type                      Level
   a - Recall                         Summoning/Translocation      3
   b - Gell's Gravitas                Hexes/Translocation          3
   c - Force Lance                    Conjuration/Translocation    4
   d - Phase Shift                    Translocation                5
   e - Warp Weapon                    Charms/Translocation         5
   f - Summon Forest                  Summoning/Translocation      5
 Q - a book of Spatial Translocations

   Spells                             Type                      Level
   a - Apportation                    Translocation                1
   b - Blink                          Translocation                2
   c - Shroud of Golubria             Charms/Translocation         2
   d - Portal Projectile              Translocation                3
   e - Teleport Other                 Translocation                3
   f - Passage of Golubria            Translocation                4
 S - a Grand Grimoire

   Spells                             Type                      Level
   a - Monstrous Menagerie            Summoning                    6
   b - Summon Greater Demon           Summoning                    7
   c - Malign Gateway                 Summoning/Translocation      7
   d - Summon Horrible Things         Summoning                    8
 V - a book of Envenomations

   Spells                             Type                      Level
   a - Spider Form                    Transmutation/Poison         3
   b - Alistair's Intoxication        Transmutation/Poison         4
   c - Olgreb's Toxic Radiance        Poison                       4
   d - Poisonous Cloud                Conjuration/Poison/Air       6
Miscellaneous
 h - a lamp of fire
 D - a disc of storms
Comestibles
 n - 17 meat rations
 s - 3 bread rations
 X - 18 fruits


   Skills:
 - Level 12.5 Fighting
 - Level 8.0(12.4) Short Blades
 - Level 11.8(16.0) Dodging
 - Level 14.4(18.4) Stealth
 + Level 13.1 Spellcasting
 - Level 8.2(12.6) Hexes
 - Level 9.7(14.0) Charms
 - Level 7.0(11.5) Air Magic
 - Level 7.2(11.7) Evocations


You had one spell level left.
You knew the following spells:

 Your Spells              Type           Power        Failure   Level  Hunger
a - Ensorcelled Hibernat  Hex/Ice        #####.       1%          2    None
b - Confuse               Hex            ######..     1%          3    None
c - Tukima's Dance        Hex            ######..     1%          3    None
d - Shroud of Golubria    Chrm/Tloc      #####.....   1%          2    None
e - Spectral Weapon       Hex/Chrm       ######..     1%          3    None
f - Regeneration          Chrm/Necr      #####.....   1%          3    None
g - Dazzling Spray        Conj/Hex       #####...     1%          3    None
h - Phase Shift           Tloc           ###.......   93%         5    ####...
i - Deflect Missiles      Chrm/Air       ######....   4%          6    #####..
j - Haste                 Chrm           ######..     2%          6    #####..
k - Warp Weapon           Chrm/Tloc      #####.....   8%          5    ####...
v - Corona                Hex            ######.      1%          1    None


Dungeon Overview and Level Annotations

Branches:
Dungeon (15/15)            Temple (0/1) D:7            Lair (8/8) D:9
  Swamp (4/4) Lair:6       Spider (1/4) Lair:3        Slime (0/6) Lair:6
    Orc (4/4) D:10            Elf (0/3) Orc:3        Vaults (0/5) D:13
 Depths (0/5) D:15

Altars:
Ashenzari
Cheibriados
Elyvilon
Fedhas
Makhleb
Okawaru
Ru
Xom
Yredelemnul
The Shining One
Beogh
Jiyva

Shops:
D:4 }   D:9 *   D:11 !   D:12 ((   Orc:1 *   Orc:4 (}}:

Portals:
Trove: D:13 (give +3 fire dragon armour)

Annotations:
D:3 Purgy
D:4 exclusion: downstairs
D:5 exclusion: 2 slaves
D:8 exclusion: downstairs
D:9 exclusions: downstairs and upstairs
D:14 exclusion: downstairs
Lair:1 exclusions: downstairs, hydra and water moccasin
Lair:3 exclusions: blink frog, 3 death yaks, siren and wolf
Lair:6 Rupert
Swamp:1 exclusion: downstairs
Swamp:2 exclusions: downstairs, 2 tentacled monstrosities and 1 more exclusion
Swamp:3 exclusion: 2 shambling mangroves
Swamp:4 exclusions: death drake, zombie and 1 more exclusion
Spider:1 exclusion: Josephine, Josephine, Nikola


Innate Abilities, Weirdness & Mutations

You possess an exceptional clarity of mind.


Message History

You take 37 damage, and have 101/138 hp.
MASSIVE DAMAGE!!
You closely miss Nikola. You hit Nikola.
Your cursed +2 quick blade seems to wobble oddly.
Nikola mumbles some strange words.
Nikola blinks!
You now have 21/35 mp.
Nikola points at you and mumbles some strange words.
The bolt of lightning hits you!
You take 20 damage, and have 83/138 hp.
Nikola mumbles some strange words.
Nikola blinks!
Nikola gestures wildly while chanting.
You hear a mighty clap of thunder!
The lightning arc hits you!
The lightning arc hits Nikola.
The lightning arc hits you!
* * * LOW HITPOINT WARNING * * *
The lightning arc hits Nikola.
The lightning arc hits you!
You die...

#......##...........##......##.##
#.......#..........##........##.#
#.....##....<.....###.........#.#
#...#####.^....###.............#.
##### #..##### ##.#..........#}
.# #####.#########.#...........#
.####..#.####....##*#...........#
.##......###......####...........
.........##.§...@.@# ###....#.###
#....†..######.....# ###..#####
##...!..# #####.# #...###.# **
##..†..### ##..###[....#.# *
##.####..######....##.......#* ,
##.## ##...^#..####.........## .
#.## ##....####............#..
### #....##*....#####....... #
##.....###...* ##......


You could see Nikola.

Vanquished Creatures
  An emperor scorpion (Spider:1)
  A ghost moth (Spider:1)
  Nessos (Lair:8)
  A yaktaur captain (D:13)
  A vault guard (D:13)
  A fire dragon (D:15)
  An ice dragon (D:15)
  A ghost crab (Swamp:2)
  Harold (D:10)
  Erolcha (D:10)
  6 alligators
  3 centaur warriors
  Erica (D:8)
  6 ogre magi
  8 hydras
  A catoblepas (D:14)
  A tengu warrior (D:15)
  Sonja (D:12)
  A fire crab (Lair:8)
  A spriggan druid (Swamp:3)
  A wizard (D:15)
  5 swamp dragons
  An orc knight (Orc:3)
  2 hill giants
  An oklob plant (Lair:5)
  9 wolf spiders (Spider:1)
  An orc sorcerer (Orc:3)
  11 ugly things
  3 griffons
  2 wolf spider zombies
  3 salamanders (Volcano)
  4 hornets
  4 cyclopes
  4 orb spiders
  A siren (Lair:3)
  20 spiny frogs
  16 elephants
  5 centaur zombies
  7 black mambas
  3 gargoyles
  Psyche (D:8)
  2 centaur skeletons
  A torpor snail (Spider:1)
  3 swamp worm zombies (Swamp:4)
  A kobold demonologist (D:11)
  6 fire drakes
  4 demonic crawlers (Spider:1)
  An efreet (D:15)
  2 yaktaurs (D:13)
  7 komodo dragons
  16 jumping spiders (Spider:1)
  8 polar bears
  3 giant leeches
  A boulder beetle (Lair:7)
  A queen bee (shapeshifter) (D:10)
  29 slime creatures
  4 bog bodies
  A trapdoor spider zombie (D:14)
  17 two-headed ogres
  A harpy skeleton (D:13)
  2 alligator zombies (Swamp:4)
  2 hornet zombies
  25 blink frogs
  4 shadows
  4 trapdoor spiders (Spider:1)
  3 wyverns
  21 redbacks
  14 spriggans
  7 tarantellas (Spider:1)
  3 basilisks
  41 yaks
  2 deep elf magi
  9 hippogriffs
  Grum (D:8)
  2 soldier ants (D:14)
  17 vampire mosquitoes
  5 wargs
  23 wolves
  4 hungry ghosts
  A vampire (D:15)
  Menkaure (D:4)
  18 swamp worms
  18 water moccasins
  2 mottled dragons (D:12)
  10 insubstantial wisps
  A slave (D:5)
  19 orc warriors
  15 porcupines
  12 spiders (Spider:1)
  10 swamp drakes
  6 ice beasts
  3 black bears
  41 ogres
  9 wasps
  7 sky beasts
  2 phantoms
  17 crocodiles
  9 centaurs
  The ghost of Xoff the Magician, an average OpWz (D:3)
  3 brain worms
  A gnoll sergeant (D:13)
  21 giant frogs
  A wyvern zombie (D:6)
  2 big kobolds
  21 killer bees
  4 scorpions
  6 crimson imps
  3 wights (D:7)
  8 hounds
  A quasit (D:12)
  Ijyb (D:3)
  3 jellies
  35 orc wizards
  28 orc priests
  2 giant frog skeletons
  9 iguanas
  4 hell rats (Lair:7)
  32 sheep
  5 worker ants
  2 worker ant zombies
  Robin (D:4)
  11 gnolls
  15 adders
  46 river rats
  4 shadow imps
  8 oozes
  2 adder zombies
  An adder skeleton (D:7)
  6 worms
  4 giant geckos
  208 orcs
  3 bat skeletons
  27 goblins
  22 hobgoblins
  2 jackals (D:6)
  2 quokkas (D:2)
  A ball python (D:2)
  17 bats
  9 giant cockroaches
  4 giant newts
  A jackal skeleton (D:6)
  A jackal zombie (D:9)
  23 kobolds
  A quokka skeleton (D:6)
  A quokka zombie (D:8)
  22 rats
  A spectral weapon (D:14)
1277 creatures vanquished.

Vanquished Creatures (collateral kills)
  A thorn hunter (Swamp:3)
  An ugly thing (D:15)
  A spriggan druid (Lair:8)
  3 blink frogs
  3 orc warriors (D:13)
  An ogre (Orc:1)
  3 orc priests (D:13)
  9 orcs
22 creatures vanquished.

Vanquished Creatures (others)
  A spriggan druid (Swamp:1)
  A swamp worm (Swamp:4)
  A wasp (Swamp:1)
  A crimson imp (D:6)
  An orc wizard (D:12)
  A hobgoblin (D:10)
  39 fungi
  15 plants
  2 spectral weapons
62 creatures vanquished.

Grand Total: 1361 creatures vanquished

Notes
Turn   | Place    | Note
--------------------------------------------------------------
     0 | D:1      | Fizybubbleh the Human Enchanter began the quest for the Orb.
     0 | D:1      | Reached XP level 1. HP: 13/13 MP: 3/3
   179 | D:1      | Reached XP level 2. HP: 10/19 MP: 1/5
   506 | D:1      | Learned a level 2 spell: Ensorcelled Hibernation
   586 | D:1      | Reached skill level 4 in Stealth
   679 | D:1      | Reached XP level 3. HP: 22/24 MP: 6/6
  1321 | D:2      | Found an iron altar of Okawaru.
  1404 | D:2      | Reached skill level 5 in Stealth
  1404 | D:2      | Reached XP level 4. HP: 30/30 MP: 4/7
  2501 | D:2      | Reached XP level 5. HP: 29/35 MP: 1/8
  2664 | D:3      | Noticed Purgy
  3126 | D:3      | Reached skill level 6 in Stealth
  3475 | D:3      | Noticed Ijyb
  3481 | D:3      | Killed Ijyb
  3481 | D:3      | Reached XP level 6. HP: 33/41 MP: 2/9
  3670 | D:3      | Noticed Xoff's ghost (average OpWz)
  3682 | D:3      | Learned a level 3 spell: Confuse
  3686 | D:3      | Learned a level 3 spell: Tukima's Dance
  3704 | D:3      | Killed Xoff's ghost
  3704 | D:3      | Reached skill level 7 in Stealth
  3862 | D:4      | Noticed Robin
  3990 | D:4      | Noticed Menkaure
  4759 | D:4      | Reached XP level 7. HP: 46/46 MP: 10/10
  4884 | D:4      | Found Zydweole's Gadget Shop.
  4954 | D:4      | Killed Menkaure
  4954 | D:4      | Reached skill level 8 in Stealth
  5308 | D:4      | Killed Robin
  5545 | D:5      | Entered Level 5 of the Dungeon
  5700 | D:5      | Got a pair of spiked gloves
  5706 | D:5      | Identified the +0 pair of gloves "Omiff" {rPois Int+3} (You found it on level 5 of the Dungeon)
  5773 | D:5      | Found a shattered altar of Ashenzari.
  5774 | D:5      | Found a white marble altar of Elyvilon.
  5776 | D:5      | Found a glowing golden altar of the Shining One.
  5776 | D:5      | Found a burning altar of Makhleb.
  5777 | D:5      | Found a sacrificial altar of Ru.
  5798 | D:5      | Became a worshipper of Ashenzari the Shackled
  6011 | D:5      | Reached XP level 8. HP: 52/52 MP: 11/11
  6264 | D:5      | Found a shimmering altar of Xom.
  6953 | D:5      | Reached skill level 5 in Short Blades
  7297 | D:6      | Identified the cursed +0 ring mail "Bowu" {+Fly rF+++ Str-5 Dex+2}
  7583 | D:6      | Found a snail-covered altar of Cheibriados.
  7833 | D:6      | Reached skill level 5 in Hexes
  8347 | D:6      | Reached XP level 9. HP: 36/57 MP: 5/12
  8881 | D:7      | Found a staircase to the Ecumenical Temple.
  9331 | D:7      | Acquired Ashenzari's first power
  9708 | D:8      | Reached skill level 1 in Fighting
  9788 | D:8      | Noticed Erica
  9813 | D:8      | Noticed Psyche
  9817 | D:8      | Killed Psyche
  9817 | D:8      | Reached XP level 10. HP: 68/73 MP: 16/16
  9831 | D:8      | Killed Erica
  9831 | D:8      | Reached skill level 5 in Dodging
 10549 | D:8      | Noticed Grum
 10616 | D:8      | Killed Grum
 11459 | D:9      | Found a blossoming altar of Fedhas.
 11510 | D:9      | Found Gofeg's General Store.
 11728 | D:9      | Found a staircase to the Lair.
 12146 | Lair:1   | Entered Level 1 of the Lair of Beasts
 12146 | Lair:1   | Acquired Ashenzari's second power
 12188 | D:9      | Reached XP level 11. HP: 66/78 MP: 6/17
 12328 | D:9      | Reached skill level 9 in Stealth
 12707 | D:9      | Reached skill level 10 in Stealth
 13425 | D:10     | Entered Level 10 of the Dungeon
 13765 | Lair:1   | Noticed a five-headed hydra
 14123 | Lair:1   | Acquired Ashenzari's third power
 14287 | Lair:1   | Noticed a spiny frog
 14289 | Lair:1   | Killed a spiny frog
 14450 | Lair:1   | Noticed a five-headed hydra
 14748 | Lair:1   | Reached skill level 5 in Fighting
 15264 | Lair:3   | Noticed a death yak
 15530 | Lair:3   | Acquired Ashenzari's fourth power
 15548 | Lair:3   | Found a hole to the Spider Nest.
 15548 | Lair:3   | Noticed an orb spider
 15588 | Lair:3   | Reached XP level 12. HP: 89/89 MP: 11/19
 15690 | Lair:3   | Identified the +6 flail of Indomitability {flame, rElec rC- Dex+3 SInv}
 15805 | Lair:3   | Noticed a death yak
 15921 | Lair:3   | Reached skill level 5 in Spellcasting
 15953 | Lair:3   | Noticed a death yak
 17175 | Lair:4   | Identified the +4 battleaxe of Untruth {holy, rF+}
 17422 | Lair:4   | Reached skill level 10 in Dodging
 18212 | Lair:5   | Reached skill level 11 in Dodging
 18344 | Lair:5   | Identified a scroll of acquirement
 18345 | Lair:5   | Yermak: I'd get qblade
 18350 | Lair:5   | Fizybubbleh: fuck i didnt see u
 18350 | Lair:5   | Fizybubbleh: yermak I wanted to ask u questions since this is ur best role
 18496 | Lair:5   | Yermak: Go and ask, do you wait for my "yes"?
 18567 | Lair:5   | Fizybubbleh: Yes , I have a bad habit of doing this :) I ask for permission before I ask
 18643 | Lair:5   | Fizybubbleh: Can i go full stabbing till zot? Qblade didnt make sense to me cause should i focus on putting enemies to sleep? I wouldnt benefit from attacking quicker no?
 18643 | Lair:5   | Yermak: it's not bad, it's fina and polite
 18651 | Lair:5   | Yermak: it's just useless in my opinion
 18979 | Lair:6   | Reached XP level 13. HP: 90/94 MP: 15/22
 18980 | Lair:6   | Yermak: You can't kill each enemy with a stab
 18980 | Lair:6   | Yermak: I dunno for sure what do you mean by "full stabbing" also
 18980 | Lair:6   | Fizybubbleh: as in win the game by stabbing
 18980 | Lair:6   | Fizybubbleh: only
 18980 | Lair:6   | Fizybubbleh: and avoiding stuff i cant stab
 18980 | Lair:6   | Fizybubbleh: or I should also go into spells/fighting
 19010 | Lair:6   | Found a staircase to the Swamp.
 19081 | Lair:6   | Yermak: you already kill some popcorn by not stabbing it, just punching to death
 19098 | Lair:6   | Fizybubbleh: are my tactics correct for this kind of charachter?
 19175 | Lair:6   | Yermak: let me ask questions for you:
 19190 | Lair:6   | Yermak: is it possible to win the game by using short blades as the main damage source? yes
 19278 | Lair:6   | Yermak: what are the spells/tactics I should use to do that?
 19630 | Lair:5   | Yermak: spells: EH, Confuse, Invisibility, Spectral Weapon, Passage of Golubria, Passwall
 19655 | Lair:6   | Yermak: items: nets, sack of spiders
 19797 | Lair:6   | Yermak: any source of summons is good for distraction stabs
 19893 | Lair:6   | Noticed Rupert
 19996 | Lair:5   | Yermak: scroll of vulnerability can be used for some high-MR monsters
 20158 | Lair:5   | Fizybubbleh: i see
 20158 | Lair:5   | Fizybubbleh: i didnt think of nets
 20158 | Lair:5   | Fizybubbleh: are they effective later?
 20158 | Lair:5   | Yermak: Warp Weapon is also extremely good for a qblade-user
 20162 | Lair:5   | Yermak: nets are top item for stabbers
 20170 | Lair:5   | Fizybubbleh: should i level throwing for them?
 20243 | Lair:6   | Yermak: I never do this, though 2-3 levels wouldn't hurt for accuracy purposes
 20274 | Lair:6   | Fizybubbleh: gods wise?
 20329 | Lair:6   | Fizybubbleh: was ash a good choice? I could have went okawaru earlier but i wasnt sure
 20331 | Lair:6   | Yermak: though with high throwing and stealth you can one-shot sleeping orb guardians with curare needles
 20657 | Lair:6   | Found a runed door.
 20658 | Lair:6   | Found a viscous altar of Jiyva.
 20663 | Lair:6   | Found a staircase to the Slime Pits.
 20775 | Lair:6   | Yermak: curare is very good item, you should haven't dropped it
 20778 | Lair:6   | Fizybubbleh: its rly difficult with ash
 20789 | Lair:6   | Fizybubbleh: i need to uncurse then curse on repeat
 21001 | Lair:6   | Yermak: Well, Ash always make you to face this problem ~4 extra levels of weapon skill vs possibility to use rods/blowguns
 21001 | Lair:6   | Yermak: Ash is decent choice for a stabber
 21001 | Lair:6   | Yermak: especially when you find Passwall
 21001 | Lair:6   | Yermak: for example, you can 100% safe kill this Rupert if you had this spell
 21001 | Lair:6   | Fizybubbleh: i never used passwall
 21001 | Lair:6   | Fizybubbleh: I picked this huen in order to like improve my tactics etc
 21001 | Lair:6   | Yermak: search for it
 21001 | Lair:6   | Fizybubbleh: I still make dumb choices even thou I won like 5 times
 21001 | Lair:6   | Fizybubbleh: interesting so i can walk through the shroom etc
 21813 | Lair:7   | Found a dark tunnel.
 21824 | Volcano  | Entered a volcano
 21844 | Volcano  | Reached skill level 10 in Fighting
 23914 | Lair:8   | Entered Level 8 of the Lair of Beasts
 23938 | Lair:8   | Noticed Nessos
 24143 | Lair:8   | Reached skill level 12 in Stealth
 24836 | Lair:7   | Reached XP level 14. HP: 77/110 MP: 8/23
 25119 | Lair:8   | Reached skill level 13 in Stealth
 25576 | Lair:8   | Reached skill level 1 in Evocations
 26553 | Lair:8   | Reached skill level 5 in Evocations
 27306 | Lair:8   | Killed Nessos
 28548 | D:10     | Noticed Harold
 28939 | D:10     | Killed Harold
 29630 | D:10     | Noticed Erolcha
 29635 | D:10     | Killed Erolcha
 29725 | D:10     | Found a staircase to the Orcish Mines.
 30041 | D:11     | Found Reulaull's Distillery.
 30910 | D:12     | Found Xecukkat's Antique Weapon Emporium.
 31243 | D:12     | Reached XP level 15. HP: 120/120 MP: 16/24
 31694 | D:12     | Found Xeeklec's Antique Weapon Shop.
 31856 | D:12     | Found a basalt altar of Yredelemnul.
 31981 | D:12     | Noticed Sonja
 32014 | D:12     | Killed Sonja
 32614 | D:13     | Identified Iskenderun's Grimoire of Conjuration (You found it on level 13 of the Dungeon)
 32723 | D:13     | Found a portal to a secret trove of treasure.
 32867 | D:13     | Found a gate to the Vaults.
 33107 | Orc:1    | Entered Level 1 of the Orcish Mines
 33107 | Orc:1    | Found Afihudem's Assorted Antiques.
 33651 | Orc:1    | Found a roughly hewn altar of Beogh.
 34203 | Orc:2    | Reached skill level 14 in Stealth
 34542 | Orc:2    | Gained mutation: You possess an exceptional clarity of mind. [potion of beneficial mutation]
 35019 | Orc:3    | Found a staircase to the Elven Halls.
 35273 | Orc:3    | Learned a level 2 spell: Shroud of Golubria
 35277 | Orc:3    | Learned a level 3 spell: Spectral Weapon
 35507 | Orc:4    | Entered Level 4 of the Orcish Mines
 35624 | Orc:4    | Reached skill level 1 in Charms
 36106 | Orc:4    | Learned a level 3 spell: Regeneration
 36110 | Orc:4    | Learned a level 3 spell: Dazzling Spray
 36116 | Orc:4    | Learned a level 5 spell: Phase Shift
 36319 | Orc:4    | Found Peguh's Gadget Emporium.
 36319 | Orc:4    | Found Jadgh's Antique Weapon Boutique.
 36320 | Orc:4    | Found Lyipam's Book Shop.
 36320 | Orc:4    | Found Saceteg's Gadget Emporium.
 36348 | Orc:4    | Reached skill level 5 in Charms
 36421 | Orc:4    | Bought a quick blade for 345 gold pieces
 36426 | Orc:4    | Bought a book of the Sky for 975 gold pieces
 36428 | Orc:4    | Bought a book of Enchantments for 750 gold pieces
 38910 | D:13     | Found a roughly hewn altar of Beogh.
 39170 | D:14     | Reached XP level 16. HP: 129/129 MP: 22/27
 39726 | D:14     | Learned a level 6 spell: Deflect Missiles
 39806 | D:14     | Reached skill level 1 in Air Magic
 40292 | D:15     | Entered Level 15 of the Dungeon
 41176 | D:15     | Reached skill level 5 in Air Magic
 41371 | D:15     | Found a staircase to the Depths.
 42509 | D:15     | Found a blossoming altar of Fedhas.
 43179 | Swamp:1  | Entered Level 1 of the Swamp
 44928 | Swamp:2  | Noticed a tentacled monstrosity
 45497 | Swamp:2  | Reached XP level 17. HP: 135/135 MP: 15/29
 46966 | Swamp:3  | Reached skill level 10 in Spellcasting
 47958 | Swamp:3  | Learned a level 6 spell: Haste
 48086 | Swamp:4  | Entered Level 4 of the Swamp
 48447 | Swamp:4  | Noticed Mara
 48521 | Swamp:3  | Noticed Fizybubbleh's illusion
 50177 | Lair:3   | Killed an orb spider
 50181 | Spider:1 | Entered Level 1 of the Spider Nest
 50593 | Spider:1 | Noticed Nikola
 51832 | Spider:1 | Noticed Josephine
 52228 | Spider:1 | Reached XP level 18. HP: 138/138 MP: 35/35
 52235 | Spider:1 | Learned a level 5 spell: Warp Weapon
 52269 | Spider:1 | Killed from afar by Nikola

Vault maps used:
D:1:      erik_arrival_cave_to_civilisation
D:2:      okawaru_gym_becter
D:3:      serial_bayou_crossing, uniq_purgy, uniq_iyjb
D:4:      serial_shops, shop, uniq_robin, uniq_menkaure
D:5:      grunt_temple_overflow_open, basic_altar, first_bread,
          dk_rats_in_the_wall, uniq_pikel
D:6:      cheibriados_altar_1
D:7:      minmay_temple_entry_grid, grunt_ogre_cave
D:8:      uniq_erica, uniq_psyche, uniq_grum
D:9:      lemuel_crystal_altar, david_lair_shrubbed, serial_shops,
          nicolae_shop_statue_plus
D:10:     hiddenorc1_lemuel, uniq_erolcha, uniq_harold
D:11:     serial_shops, shop
D:12:     basic_altar, serial_shops,
          nicolae_shop_temple_entry_statues_fountains, kennysheep_mini_moat,
          st_stairs_14, kennysheep_generic_room_8, uniq_sonja
D:13:     david_vaults_2, enter_trove_5, special_room,
          minmay_misc_feat_secret_circle
D:14:     minmay_misc_feat_diagonals
D:15:     grunt_enter_depths_hoard, lemuel_round_altar
Lair:2:   infiniplex_staircase_pool
Lair:3:   elwin_shoals_entry_stream, nicolae_spider_entry_orb_guardian,
          beast_lair_carwin_11
Lair:4:   minivault_25, serial_bayou_pond_c, minmay_lair_drake_nest
Lair:5:   grunt_megastairs_3, bh_autumn_forest_stairs
Lair:6:   swamp_mist, slime_altar_2, uniq_rupert
Lair:7:   nicolae_volcano_entry_hallway, grunt_forest_large_clearings
Lair:8:   minmay_lair_end_enchanted_forest, grunt_megastairs_4, uniq_nessos
Swamp:1:  nicolae_swamp_round_clearing, swamp_pool5
Swamp:2:  hangedman_swamp_blocks
Swamp:3:  evilmike_swamp_ruin_house_3, swamp_pool1
Swamp:4:  swamp_pestilence, swamp_pool1, uniq_mara
Spider:1: guppyfry_spider_mini_2, uniq_josephine, uniq_nikola
Orc:1:    minmay_goldmine, serial_shops, nicolae_shop_crystal, basic_altar
Orc:3:    nicolae_orc_pool_cavern, mines4_lemuel
Orc:4:    st_orc_ogre_mass
Volcano:  volcano_caves

Action                   |  1- 3 |  4- 6 |  7- 9 | 10-12 | 13-15 | 16-18 || total
-------------------------+-------+-------+-------+-------+-------+-------++-------
Melee: Dagger            |    90 |   117 |   238 |   485 |  1978 |       ||  2908
       Quick blade       |       |       |       |       |   483 |  1566 ||  2049
 Cast: Corona            |    10 |       |     3 |     3 |    18 |     1 ||    35
       Ensorcelled Hiber |    13 |    43 |    59 |   211 |   353 |   274 ||   953
       Confuse           |       |     3 |    13 |    24 |    47 |   131 ||   218
       Tukima's Dance    |       |       |     2 |       |     1 |     1 ||     4
       Dazzling Spray    |       |       |       |       |    15 |    14 ||    29
       Shroud of Golubri |       |       |       |       |    11 |    13 ||    24
       Regeneration      |       |       |       |       |     6 |    15 ||    21
       Spectral Weapon   |       |       |       |       |     5 |    10 ||    15
       Deflect Missiles  |       |       |       |       |       |     1 ||     1
       Haste             |       |       |       |       |       |     7 ||     7
       Warp Weapon       |       |       |       |       |       |     2 ||     2
Evoke: Wand              |       |       |       |     7 |    17 |     4 ||    28
       Lamp of fire      |       |       |       |       |     3 |     4 ||     7
       Disc of storms    |       |       |       |       |       |     2 ||     2
  Use: Scroll            |       |     4 |     6 |    26 |    28 |    15 ||    79
       Potion            |       |     3 |       |     1 |     3 |     3 ||    10
 Stab: Sleeping          |    15 |    33 |    47 |   111 |   210 |   153 ||   569
       Confused          |       |     1 |     7 |    10 |    33 |   110 ||   161
       Distracted        |       |     1 |     1 |     3 |    11 |    10 ||    26
       Fleeing           |       |       |       |       |     1 |       ||     1
       Invisible         |       |       |       |       |     3 |     8 ||    11
  Eat: Chunk             |     2 |     7 |    15 |    25 |    45 |     6 ||   100
       Bread ration      |       |     2 |       |       |     2 |     6 ||    10
       Fruit             |       |     1 |     1 |     2 |     5 |       ||     9
       Meat ration       |       |       |     1 |       |       |     1 ||     2
       Beef jerky        |       |       |       |     3 |     4 |     2 ||     9
       Pizza             |       |       |       |       |     1 |     4 ||     5
       Royal jelly       |       |       |       |       |     1 |     1 ||     2
